AoeStats
← Cheese Burgurs

Hideout

510109893Analyzed
1v1 RM · 3d ago on Sep 29, 2026· 21m 36s· 2 players
Game mode
Random Map
Map size
Tiny (2 player)
Population
200
Speed
Normal
Resources
Standard
Victory
Conquest
Starting age
Dark Age
Ending age
Imperial Age
RankedLock teamsTeams togetherTeam positionsShared explorationLock speedFull tech treeHidden civsTurbo modeCheats
Victory
Defeat
🇻🇳 Saxons · Vietnam
1300
+13
🇦🇷 Tupi · Argentina
1234
-13
Cheese Burgurs
10:47 Feudal Age
15:11 Castle Age
13:36 Double-Bit Axe
13:43 Stone Mining
14:38 Loom
16:24 Gold Mining
16:47 Bow Saw
22:29 Wheelbarrow
LoKogan
10:47 Feudal Age
14:31 Castle Age
12:28 Double-Bit Axe
12:38 Horse Collar
12:44 Horse Collar
16:21 Bow Saw
17:25 Heavy Plow
20:29 Fletching
Connection lost

Rejoining the realm…

Still unreachable

The connection could not be restored.

Session expired

The server has moved on; the page needs a fresh start.